 Dungeon Crawl Stone Soup version 0.18.1-1-g2f07953 (webtiles) character file.

870 Quarterback16 the Chopper (level 8, -10/68 HPs)
             Began as a Hill Orc Berserker on May 7, 2016.
             Was an Elder of Trog.
             Engulfed by a cloud of flame (24 damage)
             ... on level 5 of the Dungeon.
             The game lasted 00:56:12 (5744 turns).

Quarterback16 the Chopper (Hill Orc Berserker)      Turns: 5744, Time: 00:56:23

Health: -10/68     AC: 10    Str: 22    XL:     8   Next: 3%
Magic:  8/8        EV: 11    Int:  7    God:    Trog [****..]
Gold:   160        SH:  0    Dex: 10    Spells: 0 memorised, 7 levels left

rFire  x . .     SeeInvis .     s - +2 hand axe (elec)
rCold  + . .     Gourm    .     p - +0 scale mail
rNeg   . . .     Faith    .     (no shield)
rPois  .         Spirit   .     o - +0 helmet
rElec  .         Dismiss  .     (no cloak)
rCorr  .         Reflect  .     l - +1 pair of gloves
SustAt .         Harm     .     (no boots)
MR     .....                    (no amulet)
Stlth  ..........               (no ring)
                                m - ring of ice

@: not resistant to hostile enchantments, extremely unstealthy
A: no striking features
a: Berserk, Trog's Hand, Brothers in Arms, Burn Spellbooks, Renounce Religion


You were on level 5 of the Dungeon.
You worshipped Trog.
Trog was greatly pleased with you.
You were not hungry.

You visited 1 branch of the dungeon, and saw 6 of its levels.

You collected 160 gold pieces.

Inventory:

Hand Weapons
 a - a +0 hand axe
 c - a +0 war axe
 j - a cursed -3 scythe
 s - a +2 hand axe of electrocution (weapon)
 x - a cursed -1 long sword
Missiles
 d - 143 stones (quivered)
Armour
 l - a +1 pair of gloves (worn)
 o - a +0 helmet (worn)
 p - a +0 scale mail (worn)
 y - a +0 pair of gloves
Jewellery
 m - a ring of ice (left hand)
Potions
 b - a potion of haste
 e - 2 potions of degeneration
 f - a potion of berserk rage {unknown}
 i - a potion of cure mutation {unknown}
 k - a potion of resistance {unknown}
 n - a potion of mutation {unknown}
 t - a potion of brilliance {unknown}
 v - a potion of might {unknown}
Books
 r - a book of the Sky

   Spells                             Type                      Level
   a - Summon Lightning Spire         Summoning/Air                4
   b - Airstrike                      Air                          4
   c - Silence                        Hexes/Air                    5
   d - Deflect Missiles               Charms/Air                   6
   e - Conjure Ball Lightning         Conjuration/Air              6
   f - Tornado                        Air                          9
   Trog disapproves of the use of such an item.
Comestibles
 h - a meat ration
 q - a slice of pizza
 u - a royal jelly
 z - 3 fruits


   Skills:
 + Level 5.3 Fighting
 * Level 7.0 Axes
 + Level 3.6 Throwing
 + Level 4.8 Armour
 + Level 3.0 Dodging
 + Level 0.6 Stealth


You had 7 spell levels left.
You didn't know any spells.

Dungeon Overview and Level Annotations

Branches:
Dungeon (6/15)
 Temple: D:4-7

Altars:

Shops:
D:6 [


Message History

The creatures around you are filled with an inner flame!
Throwing (i - inventory. (,) - cycle):
w - a tomahawk (quivered)
Press: ? - help, Shift-Dir - straight line, f - hound skeleton
Aim: a hound skeleton (inner flame)
You throw a tomahawk. The tomahawk hits the hound skeleton!
Throwing (i - inventory):
d - 144 stones (quivered)
Press: ? - help, Shift-Dir - straight line, f/p - hound skeleton
Aim: a hound skeleton (inner flame)
You throw a stone.
The stone hits the hound skeleton but does no damage.
The hound skeleton bites you but does no damage.
You hit the hound skeleton.
The hound skeleton bites you but does no damage.
You hit the hound skeleton.
There is a sudden explosion of sparks!
The hound skeleton explodes!
The fiery explosion engulfs you! The fire burns you terribly!
Ouch! That really hurt!
* * * LOW HITPOINT WARNING * * *
You are engulfed in roaring flames.
You die...

(......#...# #. #..#
#. ##.## #.
#.###..####### #.
#.(...........
#.########..######
#.........#.# #
#.........#.## #
#.@§§.....#..# #
#.§§§.....##.## #
#..§......##[.# #
#....(....###.## #
#......(...# #..####
#.......[..####.##..
#............ #.##..
#............ #..#..
#####........ ##.#..


There were no monsters in sight!

Vanquished Creatures
  Sigmund (D:2)
  The ghost of Eucla the Skirmisher, an amateur OgAK of Lugonu (D:3)
  A giant frog (D:6)
  A vampire bat (D:5)
  2 orc priests
  A hound (D:3)
  A jelly (D:5)
  Terence (D:2)
  7 orc wizards
  Natasha (D:2)
  A hound skeleton (D:5)
  3 gnolls (D:3)
  2 adders
  2 worms
  2 dart slugs (D:2)
  4 giant geckos
  9 orcs
  2 giant cockroaches
  7 goblins
  4 hobgoblins
  2 jackals (D:1)
  2 quokkas (D:3)
  4 ball pythons
  13 bats
  6 giant newts
  7 kobolds
  12 rats
99 creatures vanquished.

Notes
Turn   | Place    | Note
--------------------------------------------------------------
     0 | D:1      | Quarterback16 the Hill Orc Berserker began the quest for the Orb.
     0 | D:1      | Reached XP level 1. HP: 19/19 MP: 1/1
   300 | D:1      | Reached XP level 2. HP: 27/27 MP: 2/2
   887 | D:1      | Reached XP level 3. HP: 28/33 MP: 3/3
  1648 | D:2      | Reached ** piety under Trog
  1849 | D:2      | Found a faded altar to an unknown god.
  1933 | D:5      | Entered Level 5 of the Dungeon
  2135 | D:3      | Noticed Sigmund
  2506 | D:2      | Noticed Natasha
  2518 | D:2      | Killed Natasha
  2518 | D:2      | Reached XP level 4. HP: 38/41 MP: 4/4
  2754 | D:2      | Reached skill level 5 in Axes
  2927 | D:2      | Reached skill level 1 in Throwing
  3125 | D:2      | Noticed Terence
  3132 | D:2      | Killed Terence
  3132 | D:2      | Reached XP level 5. HP: 47/47 MP: 5/5
  3405 | D:2      | Killed Sigmund
  3405 | D:2      | Reached XP level 6. HP: 53/53 MP: 6/6
  3692 | D:3      | Noticed Eucla's ghost (amateur OgAK)
  3704 | D:3      | Killed Eucla's ghost
  3704 | D:3      | Reached skill level 6 in Axes
  4089 | D:3      | Reached XP level 7. HP: 55/60 MP: 7/7
  4506 | D:3      | Reached *** piety under Trog
  4506 | D:3      | Reached skill level 5 in Fighting
  4715 | D:3      | You fall through a shaft for 3 floors!
  4733 | D:6      | Found Fuoneis's Antique Armour Emporium.
  5359 | D:5      | Reached **** piety under Trog
  5598 | D:5      | Reached skill level 7 in Axes
  5598 | D:5      | Reached XP level 8. HP: 65/68 MP: 8/8
  5744 | D:5      | Engulfed by a cloud of flame

Skill      XL: |  1  2  3  4  5  6  7 |
---------------+----------------------+-----
Fighting       | 4 5 |  5.3
Dodging        | 2 3 |  3.0
Axes           | 5 6 7 |  7.0
Throwing       | 1 2 3 |  3.6
Armour         | 3 4 |  4.8
Stealth        | |  0.6

Action                   |  1- 3 |  4- 6 |  7- 9 || total
-------------------------+-------+-------+-------++-------
Melee: Hand axe          |   105 |    58 |    85 ||   248
       War axe           |       |    24 |     9 ||    33
Throw: Stone             |    18 |    61 |    27 ||   106
       Tomahawk          |    38 |    10 |    16 ||    64
Invok: Berserk           |     2 |     3 |       ||     5
  Use: Scroll            |     6 |     1 |     3 ||    10
       Potion            |     5 |       |       ||     5
  Eat: Chunk             |     1 |     5 |       ||     6
       Bread ration      |     1 |       |     1 ||     2
       Pizza             |     1 |       |       ||     1
       Meat ration       |       |     1 |       ||     1
       Royal jelly       |       |       |     1 ||     1
Armor: Animal skin       |     9 |       |       ||     9
       Scale mail        |    11 |    28 |    41 ||    80
       Ring mail         |    11 |       |       ||    11
Dodge: Dodged            |    59 |    31 |    60 ||   150
